 Dungeon Crawl Stone Soup version 0.30-a0-723-gc1506a1cf0 (webtiles) character file.

Game seed: 5782989434781938491

126 Leeroy the Grasshopper (level 5, 0/43 HPs)
             Began as a Gnoll Warper on Jan 28, 2023.
             Slain by Ijyb
             ... wielding a +0 club
              (6 damage)
             ... on level 3 of the Dungeon.
             The game lasted 00:05:23 (1896 turns).

Leeroy the Grasshopper (Gnoll Warper)               Turns: 1896, Time: 00:05:24

Health: 0/43       AC:  3    Str: 11    XL:     5   Next: 10%
Magic:  12/12      EV: 13    Int: 12    God:
Gold:   127        SH:  0    Dex: 13    Spells: 14/14 levels left

rFire   . . .      SeeInvis .    q - +9 mace of the Dripping Queen {spect, rElec}
rCold   . . .      Faith    .    (no shield)
rNeg    . . .      Spirit   .    b - +0 leather armour
rPois   .          Reflect  .    (no helmet)
rElec   +          Harm     .    (no cloak)
rCorr   .          Rampage  .    (no gloves)
Will    .....                    (no boots)
Stlth   +                        i - amulet of magic regeneration
HPRegen 0.27/turn                (no ring)
MPRegen 0.53/turn                (no ring)

@: no status effects
A: fangs 1, strong nose, distributed training
a: no special abilities


You were on level 3 of the Dungeon.
You visited 1 branch of the dungeon, and saw 3 of its levels.

You collected 127 gold pieces.

Inventory:

Hand Weapons
 a - a +0 falchion
 q - the +9 mace of the Dripping Queen (weapon) {spect, rElec}
   (You found it on level 2 of the Dungeon)

   rElec:     It insulates you from electricity.
Missiles
 d - 7 boomerangs of dispersal (quivered)
Armour
 b - a +0 leather armour (worn)
 k - a +0 plate armour
 l - a +0 chain mail
Jewellery
 i - an amulet of magic regeneration (around neck)
Scrolls
 c - a scroll of blinking
 e - a scroll of fog {unknown}
 h - 4 scrolls of identify {unknown}
 o - a scroll of immolation {unknown}
 p - a scroll of teleportation {unknown}
 r - a scroll of enchant armour {unknown}
Potions
 f - a potion of berserk rage {unknown}
 g - 2 potions of lignification {unknown}
 j - 2 potions of invisibility {unknown}
 m - 2 potions of cancellation {unknown}
 n - a potion of curing {unknown}


   Skills:
 + Level 4.7 Fighting
 + Level 1.4 Short Blades
 + Level 4.7 Long Blades
 + Level 1.4 Axes
 + Level 1.4 Maces & Flails
 + Level 1.4 Polearms
 + Level 1.4 Staves
 + Level 1.4 Ranged Weapons
 + Level 2.9 Throwing
 + Level 2.9 Armour
 + Level 4.7 Dodging
 + Level 1.4 Stealth
 + Level 1.4 Shields
 + Level 1.4 Unarmed Combat
 + Level 5.2 Spellcasting
 + Level 1.1 Conjurations
 + Level 1.1 Hexes
 + Level 1.1 Summonings
 + Level 1.1 Necromancy
 + Level 5.5 Translocations
 + Level 1.1 Transmutations
 + Level 1.1 Fire Magic
 + Level 1.1 Ice Magic
 + Level 1.1 Air Magic
 + Level 1.1 Earth Magic
 + Level 1.1 Poison Magic
 + Level 1.6 Invocations
 + Level 1.4 Evocations


You had 14 spell levels left.
You didn't know any spells.
Your spell library contained the following spells:

 Spells                   Type           Power      Damage    Failure   Level
 Blink                    Tloc           32%        N/A       3%          2
 Lesser Beckoning         Tloc           32%        N/A       3%          2
 Teleport Other           Tloc           16%        N/A       8%          3
 Magic Dart               Conj           20%        1d4       16%         1
 Shock                    Conj/Air       20%        1d4       16%         1
 Vhi's Electric Charge    Tloc/Air       22%        N/A       19%         3
 Searing Ray              Conj           10%        2d4       24%         2
 Static Discharge         Conj/Air       10%        2-3/arc   24%         2
 Manifold Assault         Tloc           16%        N/A       26%         4
 Swiftness                Air            5%         N/A       43%         3
 Airstrike                Air            2%         2d(1-17)  83%         4
 Fulminant Prism          Conj/Hex       2%         3d5       83%         4
 Arcjolt                  Conj/Air       2%         1d12      99%         5
 Lightning Bolt           Conj/Air       2%         1d14      99%         5


Dungeon Overview and Level Annotations

Branches:
Dungeon (3/15)

Altars:

Annotations:
D:3 Ijyb


Innate Abilities, Weirdness & Mutations

You have very sharp teeth.
Your uncanny sense of smell can sniff out nearby items.
Your experience applies equally to all skills.


Message History

Done exploring.
You climb downwards.
There is a stone staircase leading up, spattered with blood here.
You now have 127 gold pieces (gained 12).
There is a stone staircase leading up, spattered with blood here.
A worm is nearby!
Ijyb and a worm come into view.
Ijyb is wielding a +0 club and carrying a wand of flame (4).
You hit the worm. You bite the worm, but do no damage.
The worm is moderately wounded.
The worm bites you but does no damage.
You sock the worm!
You kill the worm!
You hit Ijyb. You punch Ijyb, but do no damage. Your bite misses Ijyb.
Ijyb is lightly wounded.
Ijyb hits you with a +0 club. x2
You barely miss Ijyb.
Ijyb is lightly wounded.
Ijyb closely misses you.
You completely miss Ijyb. Your bite misses Ijyb.
Ijyb is lightly wounded.
Ijyb hits you with a +0 club. Ijyb barely misses you.
You miss Ijyb.
Ijyb is lightly wounded.
Ijyb grins evilly.
Ijyb zaps a wand.
The puff of flame hits you!
You sock Ijyb!
Ijyb is severely wounded.
Ijyb hits you with a +0 club.
You are too injured to fight recklessly!
Ijyb attacks as you move away! Ijyb closely misses you.
Ijyb zaps a wand.
The puff of flame hits you.
There is a stone staircase leading up, spattered with blood here.
You barely miss Ijyb.
Ijyb is severely wounded.
Your +9 mace of the Dripping Queen {spect, rElec} barely misses Ijyb.
Ijyb zaps a wand.
The puff of flame hits you!
* * * LOW HITPOINT WARNING * * *
Ijyb hits you with a +0 club.
You die...

#.# #.# #.#.#
#.#.# #.#.#
#.#.# #.#.# #
#.#.# .# #.#@#
..#
#.(g####...#.#
#.....w......#
###.####...###
#.. ..# ###.
... (. ..# ..
.# #.. #


You could see Ijyb and a friendly +9 mace of the Dripping Queen {spect, rElec}
(summoned).

Vanquished Creatures
  3 adders (D:2)
  3 gnolls (D:2)
  4 worms
  4 dart slugs
  4 ball pythons
  4 bats
  2 endoplasms
  A giant cockroach (D:2)
  3 goblins (D:2)
  4 hobgoblins
  7 jackals
  2 quokkas
  2 frilled lizards
  4 kobolds
  3 rats
50 creatures vanquished.

Notes
Turn   | Place    | Note
-------+----------+-------------------------------------------
     0 | D:1      | Leeroy the Gnoll Warper began the quest for the Orb.
     0 | D:1      | Reached XP level 1. HP: 20/20 MP: 6/6
   175 | D:1      | Reached XP level 2. HP: 24/26 MP: 7/7
   731 | D:2      | Reached skill level 5 in Spellcasting
   731 | D:2      | Reached XP level 3. HP: 6/31 MP: 7/9
   872 | D:2      | Reached skill level 1 in Invocations
  1005 | D:2      | Reached skill level 1 in Short Blades
  1005 | D:2      | Reached skill level 1 in Axes
  1005 | D:2      | Reached skill level 1 in Maces & Flails
  1005 | D:2      | Reached skill level 1 in Polearms
  1005 | D:2      | Reached skill level 1 in Staves
  1005 | D:2      | Reached skill level 1 in Ranged Weapons
  1005 | D:2      | Reached skill level 1 in Stealth
  1005 | D:2      | Reached skill level 1 in Shields
  1005 | D:2      | Reached skill level 1 in Unarmed Combat
  1005 | D:2      | Reached skill level 1 in Evocations
  1030 | D:2      | Reached XP level 4. HP: 38/38 MP: 11/11
  1325 | D:2      | Identified the +9 mace of the Dripping Queen {spect, rElec}
  1331 | D:2      | Reached skill level 1 in Conjurations
  1331 | D:2      | Reached skill level 1 in Hexes
  1331 | D:2      | Reached skill level 1 in Summonings
  1331 | D:2      | Reached skill level 1 in Necromancy
  1331 | D:2      | Reached skill level 1 in Transmutations
  1331 | D:2      | Reached skill level 1 in Fire Magic
  1331 | D:2      | Reached skill level 1 in Ice Magic
  1331 | D:2      | Reached skill level 1 in Air Magic
  1331 | D:2      | Reached skill level 1 in Earth Magic
  1331 | D:2      | Reached skill level 1 in Poison Magic
  1818 | D:2      | Reached XP level 5. HP: 29/43 MP: 12/12
  1883 | D:3      | Noticed Ijyb
  1896 | D:3      | Slain by Ijyb

Illustrated notes

Levels and vault maps discovered:
D:1:      spicycebolla_arrival_clurvy, layout_basic, minmay_strange_pillars
D:2:      layout_loops_ring, kennysheep_cross_bottleneck
D:3:      minmay_evil_eye, layout_basic, minmay_shallow_snake_nest, uniq_ijyb,
          uniq_sigmund

Skill      XL: |  1  2  3  4 |
---------------+-------------+-----
Spellcasting   | 5 |  5.2
Invocations    | 1 |  1.6
Short Blades   | 1 |  1.4
Axes           | 1 |  1.4
Maces & Flails | 1 |  1.4
Polearms       | 1 |  1.4
Staves         | 1 |  1.4
Ranged Weapons | 1 |  1.4
Stealth        | 1 |  1.4
Shields        | 1 |  1.4
Unarmed Combat | 1 |  1.4
Evocations     | 1 |  1.4
Conjurations   | 1 |  1.1
Hexes          | 1 |  1.1
Summonings     | 1 |  1.1
Necromancy     | 1 |  1.1
Transmutations | 1 |  1.1
Fire Magic     | 1 |  1.1
Ice Magic      | 1 |  1.1
Air Magic      | 1 |  1.1
Earth Magic    | 1 |  1.1
Poison Magic   | 1 |  1.1
Fighting       | |  4.7
Long Blades    | |  4.7
Throwing       | |  2.9
Armour         | |  2.9
Dodging        | |  4.7
Translocations | |  5.5

Action                     |  1- 3 |  4- 6 || total
---------------------------+-------+-------++-------
  Melee: Falchion          |    99 |    47 ||   146
         Bite              |    11 |    12 ||    23
         Punch             |     3 |     3 ||     6
         Mace              |       |    23 ||    23
   Stab: Sleeping          |     2 |     1 ||     3
         Distracted        |       |     1 ||     1
 Armour: Leather armour    |    38 |     9 ||    47
  Dodge: Dodged            |    68 |    43 ||   111

Table legend: (Time is in decaauts)
 A = Elapsed time spent in this place.
 B = Non-inter-level travel time spent in this place.
 C = Inter-level travel time spent in this place.
 D = Time resting spent in this place.
 E = Time spent auto-exploring this place.
 F = Levels seen in this place.
 G = Mean time per level.
                   A        B        C        D        E       F      G
               +--------+--------+--------+--------+--------+-----+--------+
         Total |   1919 |   1909 |     10 |    202 |   1299 |   3 |  639.7 |
       Dungeon |   1919 |   1909 |     10 |    202 |   1299 |   3 |  639.7 |
               +--------+--------+--------+--------+--------+-----+--------+

Top non-repeatable levels by time:
     D:2: 1213 daAuts
     D:1: 654 daAuts
     D:3: 51 daAuts
